TOP OF THE 1ST |
Colorado Rockies batting - Pitching for Milwaukee Brewers : RHP Mekonen Mahfudh
|
Pitching: RHP Mekonen Mahfudh
|
|
Batting: RHB Joel Haycock
|
0-0: Ground out 5-3 (Groundball, 5, EV 85.6 MPH)
|
Batting: RHB Roberto Rodriguez
|
0-0: Ball 1-0: Foul Ball, location: 2F 1-1: SINGLE (Line Drive, 56, EV 96.9 MPH)
|
Batting: LHB Fabiano Perrolas
|
0-0: TRIPLE (Line Drive, 89XD, EV 104.4 MPH) Roberto Rodriguez scores
|
Batting: RHB Jason Andrews
|
0-0: Ball 1-0: Called Strike 1-1: Called Strike 1-2: Strikes out swinging
|
Batting: SHB Chris Blue
|
0-0: Called Strike 0-1: Foul Ball, location: 2F 0-2: Fly out, F7 (Line Drive, 7D, EV 92.5 MPH)
|
Top of the 1st over - 1 run, 2 hits, 0 errors, 1 left on base; Colorado 1 - Milwaukee 0 |
BOTTOM OF THE 1ST |
Milwaukee Brewers batting - Pitching for Colorado Rockies : RHP Mike Mik
|
Pitching: RHP Mike Mik
|
|
Batting: RHB Daniel Donovan
|
0-0: Ball 1-0: Called Strike 1-1: Ball 2-1: Ground out 6-3 (Groundball, 6, EV 88.8 MPH)
|
Batting: RHB Adrian Rudkilde
|
0-0: Called Strike 0-1: Swinging Strike 0-2: Ball 1-2: Strikes out swinging
|
Batting: SHB Jason Woods
|
0-0: Foul Ball, location: 2F 0-1: Called Strike 0-2: Ball 1-2: TRIPLE (Flyball, 9LD, EV 92.5 MPH)
|
Batting: RHB Bobby Muniz
|
0-0: Called Strike 0-1: Ball 1-1: Foul Ball, location: 2F 1-2: Ball 2-2: Fly out, F9 (Flyball, 9S, EV 81.9 MPH)
|
Bottom of the 1st over - 0 runs, 1 hit, 0 errors, 1 left on base; Colorado 1 - Milwaukee 0 |
TOP OF THE 2ND |
Colorado Rockies batting - Pitching for Milwaukee Brewers : RHP Mekonen Mahfudh
|
Batting: RHB Rico Coss
|
0-0: Ball 1-0: SOLO HOME RUN (Flyball, 7D, EV 100.6 MPH), Distance : 378 ft
|
Batting: LHB Robert Watson
|
0-0: Foul Ball, location: 2F 0-1: Ball 1-1: SOLO HOME RUN (Flyball, 89XD, EV 108.1 MPH), Distance : 405 ft
|
Batting: RHB Leo Mair
|
0-0: Ball 1-0: Called Strike 1-1: Called Strike 1-2: Strikes out looking
|
Batting: RHB Sterling Acosta
|
0-0: Ball 1-0: DOUBLE (Line Drive, 7LM, EV 105.0 MPH)
|
Batting: RHB Joel Haycock
|
0-0: Called Strike Sterling Acosta steals 3rd base 0-1: Ball 1-1: Ball 2-1: Swinging Strike 2-2: Foul Ball, location: 2F 2-2: Strikes out looking
|
Batting: RHB Roberto Rodriguez
|
0-0: TRIPLE (Flyball, 9D, EV 90.0 MPH) Sterling Acosta scores
|
Batting: LHB Fabiano Perrolas
|
0-0: Swinging Strike 0-1: Swinging Strike 0-2: 2-RUN HOME RUN (Line Drive, 9D, EV 98.8 MPH), Distance : 399 ft
|
Batting: RHB Jason Andrews
|
0-0: Swinging Strike 0-1: Ball 1-1: SINGLE (Line Drive, 56D, EV 96.3 MPH)
|
Pitching: RHP Luis Mejia
|
|
Batting: SHB Chris Blue
|
0-0: Ball 1-0: Called Strike 1-1: Swinging Strike 1-2: 2-RUN HOME RUN (Flyball, 7D, EV 100.0 MPH), Distance : 385 ft
|
Batting: RHB Rico Coss
|
0-0: Ground out 6-3 (Groundball, 6, EV 93.8 MPH)
|
Top of the 2nd over - 7 runs, 7 hits, 0 errors, 0 left on base; Colorado 8 - Milwaukee 0 |
BOTTOM OF THE 2ND |
Milwaukee Brewers batting - Pitching for Colorado Rockies : RHP Mike Mik
|
Batting: LHB Jeff Taylor
|
0-0: Swinging Strike 0-1: Ball 1-1: Foul Ball, location: 2F 1-2: Strikes out swinging
|
Batting: RHB Adriaan Pieters
|
0-0: Ball 1-0: Called Strike 1-1: Foul Ball, location: 2F 1-2: Ball 2-2: Fly out, F7 (Flyball, 7LM, EV 81.9 MPH)
|
Batting: LHB Jeremy Kuiper
|
0-0: Ball 1-0: Ball 2-0: Foul Ball, location: 2F 2-1: Fly out, F9 (Flyball, 9, EV 85.0 MPH)
|
Bottom of the 2nd over - 0 runs, 0 hits, 0 errors, 0 left on base; Colorado 8 - Milwaukee 0 |
TOP OF THE 3RD |
Colorado Rockies batting - Pitching for Milwaukee Brewers : RHP Luis Mejia
|
Batting: LHB Robert Watson
|
0-0: Called Strike 0-1: DOUBLE (Line Drive, 8LXD, EV 102.5 MPH)
|
Batting: RHB Leo Mair
|
0-0: Swinging Strike 0-1: Ground out 5-3 (Groundball, 56S, EV 68.1 MPH) Robert Watson to third
|
Batting: RHB Sterling Acosta
|
0-0: Ball 1-0: Called Strike 1-1: Foul Ball, location: 2F 1-2: Ball 2-2: Ball 3-2: Foul Ball, location: 2F 3-2: Strikes out swinging
|
Batting: RHB Joel Haycock
|
0-0: Ball 1-0: Called Strike 1-1: Swinging Strike 1-2: Strikes out swinging
|
Top of the 3rd over - 0 runs, 1 hit, 0 errors, 1 left on base; Colorado 8 - Milwaukee 0 |
BOTTOM OF THE 3RD |
Milwaukee Brewers batting - Pitching for Colorado Rockies : RHP Mike Mik
|
Batting: RHB Kisho Ito
|
0-0: Called Strike 0-1: Ball 1-1: Ball 2-1: Called Strike 2-2: Strikes out swinging
|
Batting: SHB Jean-François Bernard
|
0-0: Ball 1-0: Ball 2-0: Ball 3-0: Called Strike 3-1: Called Strike 3-2: Strikes out swinging
|
Batting: RHB Daniel Donovan
|
0-0: Ball 1-0: Ground out 6-3 (Groundball, 6, EV 97.5 MPH)
|
Bottom of the 3rd over - 0 runs, 0 hits, 0 errors, 0 left on base; Colorado 8 - Milwaukee 0 |
TOP OF THE 4TH |
Colorado Rockies batting - Pitching for Milwaukee Brewers : RHP Luis Mejia
|
Batting: RHB Roberto Rodriguez
|
0-0: Ball 1-0: Foul Ball, location: 2F 1-1: Foul Ball, location: 2F 1-2: Ball 2-2: SINGLE (Groundball, 4D, EV 98.1 MPH)
|
Batting: LHB Fabiano Perrolas
|
0-0: Ball 1-0: Ball 2-0: Foul Ball, location: 2F 2-1: Foul Ball, location: 2F 2-2: Foul Ball, location: 2F 2-2: Strikes out swinging
|
Batting: RHB Jason Andrews
|
0-0: Called Strike 0-1: Ball 1-1: SINGLE (Groundball, 56, EV 96.3 MPH) (infield hit) Roberto Rodriguez to second
|
Batting: SHB Chris Blue
|
0-0: Called Strike 0-1: Ball 1-1: Ball 2-1: Foul Ball, location: 2F 2-2: Fielders Choice at 2nd, 6-4 (Groundball, 6, EV 80.0 MPH) Roberto Rodriguez to third
|
Batting: RHB Rico Coss
|
0-0: Ball 1-0: SINGLE (Line Drive, 6D, EV 98.1 MPH) Roberto Rodriguez scores Chris Blue to second
|
Batting: LHB Robert Watson
|
0-0: Ball 1-0: Called Strike 1-1: Foul Ball, location: 2F 1-2: Strikes out swinging, 2-3 out at first.
|
Top of the 4th over - 1 run, 3 hits, 0 errors, 2 left on base; Colorado 9 - Milwaukee 0 |
BOTTOM OF THE 4TH |
Milwaukee Brewers batting - Pitching for Colorado Rockies : RHP Mike Mik
|
Batting: RHB Adrian Rudkilde
|
0-0: Called Strike 0-1: Foul Ball, location: 2F 0-2: Ball 1-2: SINGLE (Groundball, 56S, EV 73.8 MPH) (infield hit)
|
Pitching: RHP Oscar Munoz
|
|
Batting: SHB Jason Woods
|
0-0: Ball 1-0: Called Strike Adrian Rudkilde steals 2nd base (no throw) 1-1: Foul Ball, location: 2F 1-2: Ball 2-2: Fly out, F9 (Line Drive, 9, EV 94.4 MPH)
|
Batting: RHB Bobby Muniz
|
0-0: Ball 1-0: Called Strike 1-1: SINGLE (Groundball, 34D, EV 97.5 MPH) Adrian Rudkilde to third
|
Batting: LHB Jeff Taylor
|
0-0: Called Strike 0-1: Reached on error, E3 (Groundball, 34S, EV 85.0 MPH) Adrian Rudkilde scores Bobby Muniz to second
|
Batting: RHB Adriaan Pieters
|
0-0: Ball 1-0: Ball 2-0: Called Strike 2-1: 3-RUN HOME RUN (Flyball, 7D, EV 96.9 MPH), Distance : 382 ft
|
Batting: LHB Jeremy Kuiper
|
0-0: Foul Ball, location: 2F 0-1: Ball 1-1: Ball 2-1: Ground out 4-3 (Groundball, 34D, EV 99.4 MPH)
|
Batting: RHB Kisho Ito
|
0-0: SINGLE (Line Drive, 8LS, EV 111.3 MPH)
|
Batting: SHB Jean-François Bernard
|
0-0: Called Strike 0-1: Called Strike 0-2: Ball 1-2: Foul Ball, location: 2F 1-2: SINGLE (Line Drive, 3D, EV 94.4 MPH) Kisho Ito to second Runner from 2nd tries for 3rd, OUT! 9-5
|
Bottom of the 4th over - 4 runs, 5 hits, 1 error, 1 left on base; Colorado 9 - Milwaukee 4 |
TOP OF THE 5TH |
Colorado Rockies batting - Pitching for Milwaukee Brewers : RHP Luis Mejia
|
Batting: RHB Leo Mair
|
0-0: Ball 1-0: Swinging Strike 1-1: Foul Ball, location: 2F 1-2: Strikes out swinging
|
Batting: RHB Sterling Acosta
|
0-0: Called Strike 0-1: Ball 1-1: Ball 2-1: Foul Ball, location: 2F 2-2: Strikes out swinging
|
Batting: RHB Joel Haycock
|
0-0: Called Strike 0-1: Ball 1-1: Foul Ball, location: 2F 1-2: Strikes out swinging
|
Top of the 5th over - 0 runs, 0 hits, 0 errors, 0 left on base; Colorado 9 - Milwaukee 4 |
BOTTOM OF THE 5TH |
Milwaukee Brewers batting - Pitching for Colorado Rockies : RHP Oscar Munoz
|
Batting: RHB Daniel Donovan
|
0-0: Called Strike 0-1: Called Strike 0-2: Ball 1-2: Ball 2-2: Ball 3-2: Strikes out swinging
|
Batting: RHB Adrian Rudkilde
|
0-0: Called Strike 0-1: Ball 1-1: Ball 2-1: Foul Ball, location: 2F 2-2: Ball 3-2: Ground out 4-3 (Groundball, 4, EV 91.3 MPH)
|
Batting: SHB Jason Woods
|
0-0: Ball 1-0: Ball 2-0: Swinging Strike 2-1: Ball 3-1: Called Strike 3-2: Base on Balls
|
Batting: RHB Bobby Muniz
|
0-0: Fielders Choice at 2nd, 5-4 (Groundball, 56, EV 81.9 MPH)
|
Bottom of the 5th over - 0 runs, 0 hits, 0 errors, 1 left on base; Colorado 9 - Milwaukee 4 |
TOP OF THE 6TH |
Colorado Rockies batting - Pitching for Milwaukee Brewers : RHP Luis Mejia
|
Pitching: RHP Malibok Fflunker
|
|
Batting: RHB Roberto Rodriguez
|
0-0: Called Strike 0-1: Ball 1-1: Ground out 5-3 (Groundball, 56, EV 75.6 MPH)
|
Batting: LHB Fabiano Perrolas
|
0-0: Ball 1-0: Fly out, F2 (Popup, 2RF, EV 81.3 MPH)
|
Batting: RHB Jason Andrews
|
0-0: Swinging Strike 0-1: Ground out 5-3 (Groundball, 56, EV 103.1 MPH)
|
Top of the 6th over - 0 runs, 0 hits, 0 errors, 0 left on base; Colorado 9 - Milwaukee 4 |
BOTTOM OF THE 6TH |
Milwaukee Brewers batting - Pitching for Colorado Rockies : RHP Oscar Munoz
|
Batting: LHB Jeff Taylor
|
0-0: Called Strike 0-1: SOLO HOME RUN (Flyball, 9LD, EV 96.3 MPH), Distance : 369 ft
|
Pitching: RHP Jaden Mackey
|
|
Batting: RHB Adriaan Pieters
|
0-0: Ball 1-0: Ball 2-0: Foul Ball, location: 2F 2-1: Swinging Strike 2-2: Ball 3-2: Foul Ball, location: 2F 3-2: Foul Ball, location: 2F 3-2: Foul Ball, location: 2F 3-2: Strikes out swinging
|
Batting: LHB Jeremy Kuiper
|
0-0: Called Strike 0-1: Foul Ball, location: 2F 0-2: Foul Ball, location: 2F 0-2: Fly out, F8 (Flyball, 78D, EV 86.9 MPH)
|
Batting: RHB Kisho Ito
|
0-0: Ball 1-0: Ground out 6-3 (Groundball, 6, EV 89.4 MPH)
|
Bottom of the 6th over - 1 run, 1 hit, 0 errors, 0 left on base; Colorado 9 - Milwaukee 5 |
TOP OF THE 7TH |
Colorado Rockies batting - Pitching for Milwaukee Brewers : RHP Malibok Fflunker
|
Batting: SHB Chris Blue
|
0-0: Ball 1-0: Called Strike 1-1: Foul Ball, location: 2F 1-2: Ball 2-2: Ball 3-2: SINGLE (Line Drive, 9S, EV 103.1 MPH)
|
Batting: RHB Rico Coss
|
0-0: SINGLE (Groundball, 6MD, EV 106.3 MPH) Chris Blue to second
|
Batting: LHB Robert Watson
|
0-0: Ball 1-0: Bunted foul 1-1: Sac Bunt to 13S - play at first, batter OUT! 1-4 Chris Blue to third Rico Coss to second
|
Batting: RHB Leo Mair
|
0-0: Ball 1-0: Swinging Strike 1-1: Ball 2-1: Ball 3-1: Called Strike 3-2: Strikes out swinging
|
Batting: RHB Sterling Acosta
|
0-0: Ball 1-0: Ball 2-0: Foul Ball, location: 2F 2-1: Fly out, F8 (Line Drive, 8LD, EV 90.6 MPH)
|
Top of the 7th over - 0 runs, 2 hits, 0 errors, 2 left on base; Colorado 9 - Milwaukee 5 |
BOTTOM OF THE 7TH |
Milwaukee Brewers batting - Pitching for Colorado Rockies : RHP Jaden Mackey
|
Batting: SHB Jean-François Bernard
|
0-0: Called Strike 0-1: Foul Ball, location: 2F 0-2: Strikes out swinging
|
Batting: RHB Daniel Donovan
|
0-0: Ball 1-0: Called Strike 1-1: Ball 2-1: Ball 3-1: Base on Balls
|
Batting: RHB Adrian Rudkilde
|
0-0: Foul Ball, location: 2F 0-1: Ball 1-1: Called Strike 1-2: Foul Ball, location: 2F 1-2: SINGLE (Line Drive, 4D, EV 95.0 MPH) Daniel Donovan to second Runner from 2nd tries for 3rd, SAFE, throw by RF made to third
|
Batting: SHB Jason Woods
|
0-0: SINGLE (Groundball, 13S, EV 66.3 MPH) (infield hit) Adrian Rudkilde to second
|
Pitching: RHP Gabe Baxter
|
|
Batting: RHB Bobby Muniz
|
0-0: Ball 1-0: Ball 2-0: SINGLE (Line Drive, 8LS, EV 103.1 MPH) Daniel Donovan scores Adrian Rudkilde to third Jason Woods to second
|
Batting: LHB Jeff Taylor
|
0-0: Ball 1-0: Foul Ball, location: 2F 1-1: Foul Ball, location: 2F 1-2: Ball 2-2: Ball 3-2: Base on Balls Adrian Rudkilde scores Jason Woods to third Bobby Muniz to second
|
Batting: RHB Adriaan Pieters
|
0-0: Ball 1-0: Called Strike 1-1: Foul Ball, location: 2F 1-2: Strikes out swinging
|
Batting: LHB Jeremy Kuiper
|
0-0: Ball 1-0: Ball 2-0: Called Strike 2-1: Swinging Strike 2-2: Foul Ball, location: 2F 2-2: DOUBLE (Groundball, 3L, EV 105.0 MPH) Jason Woods scores Bobby Muniz scores Jeff Taylor to third Runner from 3rd tries for Home, SAFE, throw by RF to home
|
Batting: RHB Kisho Ito
|
0-0: Ball 1-0: Ball 2-0: Ball 3-0: Called Strike 3-1: Foul Ball, location: 2F 3-2: Base on Balls
|
Batting: SHB Jean-François Bernard
|
0-0: Called Strike 0-1: Foul Ball, location: 2F 0-2: DOUBLE (Line Drive, 7LM, EV 98.8 MPH) Jeremy Kuiper scores Kisho Ito to third Runner from 3rd tries for Home, SAFE, throw by LF to home
|
Pitching: RHP Victor Walshe
|
|
Batting: RHB Daniel Donovan
|
0-0: Ball 1-0: Foul Ball, location: 2F 1-1: Called Strike 1-2: Ball 2-2: Foul Ball, location: 2F 2-2: 2-RUN HOME RUN (Flyball, 8LXD, EV 111.3 MPH), Distance : 434 ft
|
Batting: RHB Adrian Rudkilde
|
0-0: Called Strike 0-1: Foul Ball, location: 2F 0-2: Foul Ball, location: 2F 0-2: Strikes out swinging
|
Bottom of the 7th over - 9 runs, 6 hits, 0 errors, 0 left on base; Colorado 9 - Milwaukee 14 |
TOP OF THE 8TH |
Colorado Rockies batting - Pitching for Milwaukee Brewers : RHP Malibok Fflunker
|
Batting: RHB Joel Haycock
|
0-0: Ball 1-0: Called Strike 1-1: Swinging Strike 1-2: Ground out 5-3 (Groundball, 56S, EV 90.6 MPH)
|
Batting: RHB Roberto Rodriguez
|
0-0: Ball 1-0: Foul Ball, location: 2F 1-1: Foul Ball, location: 2F 1-2: Fly out, F7 (Flyball, 7D, EV 93.1 MPH)
|
Batting: LHB Fabiano Perrolas
|
0-0: Foul Ball, location: 2F 0-1: Swinging Strike 0-2: Ball 1-2: Strikes out swinging
|
Top of the 8th over - 0 runs, 0 hits, 0 errors, 0 left on base; Colorado 9 - Milwaukee 14 |
BOTTOM OF THE 8TH |
Milwaukee Brewers batting - Pitching for Colorado Rockies : RHP Victor Walshe
|
Batting: SHB Jason Woods
|
0-0: Swinging Strike 0-1: Called Strike 0-2: Ground out U3 (Groundball, 3, EV 84.4 MPH)
|
Batting: RHB Bobby Muniz
|
0-0: Ball 1-0: Called Strike 1-1: Ball 2-1: Foul Ball, location: 2F 2-2: SINGLE (Flyball, 4MD, EV 92.5 MPH)
|
Batting: LHB Jeff Taylor
|
0-0: Ball 1-0: Foul Ball, location: 2F 1-1: Called Strike 1-2: Ball 2-2: Ball 3-2: Foul Ball, location: 2F 3-2: Base on Balls Bobby Muniz to second
|
Batting: RHB Adriaan Pieters
|
0-0: Ball 1-0: Foul Ball, location: 2F 1-1: 3-RUN HOME RUN (Flyball, 78XD, EV 105.0 MPH), Distance : 405 ft
|
Pitching: LHP Ryan Fulford
|
|
Batting: LHB Jeremy Kuiper
|
0-0: Ball 1-0: Ball 2-0: Called Strike 2-1: Foul Ball, location: 2F 2-2: Ball 3-2: Ground out U3 (Groundball, 34, EV 86.9 MPH)
|
Batting: RHB Kisho Ito
|
0-0: Foul Ball, location: 2F 0-1: SINGLE (Groundball, 6MD, EV 95.6 MPH)
|
Batting: SHB Jean-François Bernard
|
0-0: Called Strike 0-1: Swinging Strike 0-2: Strikes out swinging
|
Bottom of the 8th over - 3 runs, 3 hits, 0 errors, 1 left on base; Colorado 9 - Milwaukee 17 |
TOP OF THE 9TH |
Colorado Rockies batting - Pitching for Milwaukee Brewers : RHP Malibok Fflunker
|
Batting: RHB Jason Andrews
|
0-0: Ball 1-0: Ball 2-0: Ball 3-0: Base on Balls
|
Pitching: RHP Kouchiro Yamaguchi
|
|
Batting: SHB Chris Blue
|
0-0: Called Strike 0-1: Ball 1-1: SINGLE (Groundball, 4D, EV 110.6 MPH) Jason Andrews to second
|
Batting: RHB Rico Coss
|
0-0: Foul Ball, location: 2F 0-1: Ball 1-1: SINGLE (Line Drive, 8LS, EV 92.5 MPH) Jason Andrews to third Chris Blue to second
|
Batting: LHB Robert Watson
|
0-0: Ball Wild Pitch! Jason Andrews scores Chris Blue to third Rico Coss to second 1-0: Foul Ball, location: 2F 1-1: Ball 2-1: Ball 3-1: Base on Balls
|
Pinch Hitting: LHB Jose Robles
|
0-0: Called Strike 0-1: Ball 1-1: Fly out, F8 (Flyball, 8LD, EV 98.8 MPH) Runner from 3rd tags up, SCORES, no throw by CF
|
Batting: RHB Sterling Acosta
|
0-0: Swinging Strike 0-1: Ball 1-1: Foul Ball, location: 2F 1-2: Grounds into double play, 6-4-3 (Groundball, 6, EV 102.5 MPH)
|
Top of the 9th over - 2 runs, 2 hits, 0 errors, 1 left on base; Colorado 11 - Milwaukee 17 |
|